 Dungeon Crawl Stone Soup version 0.16-a0-3122-gccf308e (webtiles) character file.

12708 Gorice the Basher (level 11, -1/87 HPs)
             Began as a Demonspawn Wanderer on Dec 13, 2014.
             Was a High Priest of Okawaru.
             Slain by an ice devil (13 damage)
             ... in an ice cave.
             The game lasted 01:58:24 (15972 turns).

Gorice the Basher (Demonspawn Wanderer)            Turns: 15972, Time: 01:58:24

Health: -1/87      AC: 11    Str: 20    XL:     11   Next: 66%
Magic:  0/13       EV: 18    Int: 13    God:    Okawaru [*****.]
Gold:   714        SH:  0    Dex: 18    Spells: 0 memorised, 10 levels left

rFire  + + .     SeeInvis +     a - +2 flail (venom)
rCold  + . .     Clarity  .     X - +0 robe {rC+ rF+}
rNeg   . . .     SustAb   .     (no shield)
rPois  +         Gourm    .     f - +2 hat
rElec  .         Spirit   +     i - +0 cloak
rCorr  .         Warding  .     (no gloves)
rMut   .         Stasis   .     P - +0 pair of boots
MR     .....                    H - amulet of faith
Stlth  ++........               T - ring of see invisible
                                C - +4 ring of dexterity

@: mighty, very slightly contaminated, hasted, very quick, not resistant to
hostile enchantments, unstealthy
A: horns 2, slimy green scales 3, fire resistance 1, spit poison 1, magic shield
a: Spit Poison, Heroism, Finesse, Renounce Religion


You were in an ice cave.
You worshipped Okawaru.
Okawaru was extremely pleased with you.
You were not hungry.

You visited 3 branches of the dungeon, and saw 13 of its levels.
You also visited: Sewer and Ice Cave.

You collected 714 gold pieces.

Inventory:

Hand weapons
 a - a +2 flail of venom (weapon)
 b - a +0 shortbow
 B - a +2 blowgun
Missiles
 n - 53 poisoned needles
 w - 4 curare-tipped needles
 x - 132 arrows
 Y - a throwing net
 Z - 156 stones (quivered)
Armour
 f - a +2 hat (worn)
 i - a +0 cloak (worn)
 P - a +0 pair of boots (worn)
 V - a +1 ring mail
 X - a +0 robe of resistance (worn)
Jewellery
 r - an uncursed amulet of warding
 v - an uncursed ring of flight
 C - a +4 ring of dexterity (left hand)
 H - an amulet of faith (around neck)
 T - a ring of see invisible (right hand)
Magical devices
 l - a wand of cold (7)
 m - a wand of random effects (38)
 q - a wand of cold (1)
 D - a wand of invisibility (0)
 G - a wand of disintegration (15)
 S - a wand of confusion (26)
Scrolls
 h - a scroll of enchant weapon
 k - 12 scrolls of identify
 M - a scroll of teleportation
 N - 3 scrolls of fear
 W - 2 scrolls of remove curse
Potions
 d - 5 potions of curing
 e - 6 potions of haste
 g - a potion of cure mutation
 o - a potion of flight
 t - 2 potions of might
Miscellaneous
 L - a lantern of shadows
Comestibles
 p - 38 fruits
 A - 6 meat rations


   Skills:
 - Level 8.8 Fighting
 * Level 10.9 Maces & Flails
 - Level 2.6 Bows
 - Level 1.7 Throwing
 - Level 8.2 Armour
 + Level 7.5 Dodging
 + Level 1.6 Invocations


You had 10 spell levels left.
You didn't know any spells.

Dungeon Overview and Level Annotations

Branches:
Dungeon (9/15)             Temple (1/1) D:6            Lair (3/8) D:9
  Swamp: Lair:3-6    Shoals: Lair:3-6     Snake: Lair:3-6    Spider: Lair:3-6
    Orc: D:9-12

Altars:
Ashenzari
Cheibriados
Dithmenos
Elyvilon
Fedhas
Gozag
Kikubaaqudgha
Makhleb
Nemelex Xobeh
Okawaru
Qazlal
Ru
Sif Muna
Trog
Vehumet
Xom
Yredelemnul
Zin
The Shining One

Annotations:
IceCv exclusion: 2 ice statues


Innate Abilities, Weirdness & Mutations

You have a pair of horns on your head.
You are completely covered in slimy green scales (AC +4, rPois).
Your flesh is heat resistant.
When hurt, damage is shared between your health and your magic reserves.
You can spit poison.


Message History

Evoke which item? (* to show all) (? for menu, Esc to quit)
Okay, then.
Press: ? - help, v - describe, . - travel
Here: an ice devil (severely wounded)
The floor.
Evoke which item? (* to show all) (? for menu, Esc to quit)
Zapping:
D - a wand of invisibility {zapped: 2} (will waste charges)
Press: ? - help, Shift-Dir - straight line, f - you, p - ice devil Nothing appears to happen.
Drink which item? (? for menu, Esc to quit)
You feel better.
The ice devil hits you but does no damage.
You hit the ice devil but do no damage. Your headbutt misses the ice devil.
The ice devil is severely wounded.
Drink which item? (? for menu, Esc to quit)
You feel very mighty all of a sudden. The ice devil hits you.
* * * LOW HITPOINT WARNING * * *
The ice devil freezes you! You resist.
You die...

.............#
......⌠.......#
......YY.......#
......Y.......#
#......Y.Y....#
.####...####.#
#...#44#
##+##34#
#.@.#'## #.3.#..
#.(.### #...#
#...# ..(..
8.(.8 .......
...


You could see an ice devil.

Vanquished Creatures
  A hydra (Lair:3)
  Harold (Lair:2)
  The ghost of Gorice the Nimble, a powerful HEWn of Sif Muna (Lair:2)
  An ice devil (IceCv)
  3 black mambas
  4 spiny frogs
  A fire drake (Lair:1)
  A wandering mushroom (D:9)
  A polar bear (Lair:2)
  3 blue devils (IceCv)
  10 yaks
  Eustachio (D:7)
  A wyvern (D:9)
  A hippogriff (D:9)
  3 wolves (Lair:1)
  4 water moccasins
  2 porcupines
  A black bear (Lair:1)
  3 sky beasts
  2 ogres
  2 centaurs
  2 ice beasts (D:8)
  5 crocodiles
  6 giant frogs
  Blork the orc (D:5)
  3 big kobolds
  A water moccasin zombie (D:6)
  The ghost of myeffort the Ogre Mage, a weakling OgWz (D:3)
  7 wights
  3 goliath beetles
  2 crimson imps
  A giant frog zombie (D:9)
  2 jellies
  A centaur zombie (D:3)
  Crazy Yiuf (D:3)
  An orc priest (D:7)
  2 orc wizards
  A gnoll shaman (D:5)
  5 giant frog skeletons
  3 worker ants
  Natasha (D:3)
  6 iguanas
  A killer bee zombie (D:8)
  Ijyb (D:5)
  Jessica (D:3)
  A mummy (D:8)
  A hound zombie (D:7)
  4 gnolls
  40 river rats
  19 adders
  2 giant mites
  2 worms (D:2)
  3 adder skeletons
  An adder zombie (D:9)
  7 giant geckos
  2 oozes
  17 orcs
  2 bat zombies
  4 giant cockroaches
  14 hobgoblins
  8 jackals
  2 quokkas
  17 ball pythons
  18 bats
  A giant gecko skeleton (D:6)
  12 giant newts
  11 goblins
  A jackal skeleton (D:4)
  31 kobolds
  40 rats
  3 ballistomycetes (D:6)
  A fungus (D:9)
369 creatures vanquished.

Vanquished Creatures (others)
  A river rat (Lair:2)
  A bat (D:6)
  A giant spore (D:6)
  A plant (Lair:3)
4 creatures vanquished.

Grand Total: 373 creatures vanquished

Notes
Turn   | Place    | Note
--------------------------------------------------------------
     0 | D:1      | Gorice, the Demonspawn Wanderer, began the quest for the Orb.
     0 | D:1      | Gorice set off with: a curare-tipped needle, a +2 blowgun, a +0 ring mail, a potion of curing, a bread ration
     0 | D:1      | Reached XP level 1. HP: 16/16 MP: 1/1
     0 | D:1      | 13/11/13, fi,bows,throw,arm all ~2
     0 | D:1      | +2 blowgun, 1 curare, ringmail, !cure
   209 | D:1      | Gained mutation: You are partially covered in slimy green scales (AC +2). [demonic ancestry]
   209 | D:1      | Reached XP level 2. HP: 21/23 MP: 2/2
   318 | D:1      | Reached skill level 3 in Armour
   724 | D:1      | Gained mutation: You are mostly covered in slimy green scales (AC +3). [demonic ancestry]
   724 | D:1      | Reached XP level 3. HP: 25/29 MP: 3/3
   849 | D:1      | Gained mutation: You can spit poison. [potion of beneficial mutation]
  1192 | D:2      | Found a snail-covered altar of Cheibriados.
  1595 | D:2      | Gained mutation: You have a pair of small horns on your head. [demonic ancestry]
  1595 | D:2      | Reached XP level 4. HP: 35/35 MP: 4/4
  1634 | D:2      | Found a shadowy altar of Dithmenos.
  2251 | D:3      | Noticed Crazy Yiuf
  2261 | D:3      | Killed Crazy Yiuf
  2334 | D:3      | Reached skill level 4 in Armour
  2500 | D:3      | Noticed myeffort's ghost (weakling OgWz)
  2519 | D:3      | Killed myeffort's ghost
  2519 | D:3      | Gained mutation: You have a pair of horns on your head. [demonic ancestry]
  2519 | D:3      | Reached XP level 5. HP: 35/42 MP: 5/5
  2606 | D:3      | Noticed Jessica
  2621 | D:3      | Killed Jessica
  2891 | D:3      | Gained mutation: When hurt, damage is shared between your health and your magic reserves. [demonic ancestry]
  2891 | D:3      | Reached XP level 6. HP: 31/49 MP: 6/6
  2900 | D:3      | Noticed Natasha
  2922 | D:3      | Killed Natasha
  3603 | D:4      | Reached skill level 5 in Fighting
  3766 | D:4      | Reached skill level 5 in Armour
  3791 | D:4      | Found a burning altar of Makhleb.
  3803 | D:4      | Found a glowing drain.
  3822 | Sewer    | Entered a sewer
  4247 | Sewer    | Reached XP level 7. HP: 46/56 MP: 7/7
  4744 | Sewer    | Reached skill level 6 in Fighting
  5075 | D:5      | Entered Level 5 of the Dungeon
  5351 | D:5      | Found a shattered altar of Ashenzari.
  5417 | D:5      | Noticed Blork the orc
  5428 | D:5      | Killed Blork the orc
  5710 | D:4      | Reached skill level 7 in Fighting
  5710 | D:4      | Reached XP level 8. HP: 42/67 MP: 5/8
  5747 | D:5      | Noticed Ijyb
  5758 | D:5      | Killed Ijyb
  5841 | D:5      | Found a blossoming altar of Fedhas.
  6787 | D:6      | Found a sparkling altar of Nemelex Xobeh.
  6787 | D:6      | Found an opulent altar of Gozag.
  6876 | D:6      | Found a staircase to the Ecumenical Temple.
  6881 | Temple   | Entered the Ecumenical Temple
  7005 | Temple   | Became a worshipper of Warmaster Okawaru
  7154 | D:6      | Reached skill level 8 in Fighting
  7398 | D:6      | Found a bloodstained altar of Trog.
  7561 | D:7      | Noticed Eustachio
  7571 | D:7      | Killed Eustachio
  7697 | D:7      | Acquired Okawaru's first power
  8083 | D:7      | Reached XP level 9. HP: 61/75 MP: 7/9
  8608 | D:8      | Noticed an angel
  8609 | D:8      | Found a glowing silver altar of Zin.
  8686 | D:8      | Reached skill level 1 in Maces & Flails
  9025 | D:8      | Reached skill level 1 in Dodging
  9496 | D:9      | Found a staircase to the Lair.
  9583 | D:9      | Found a basalt altar of Yredelemnul.
 10077 | D:9      | Reached skill level 5 in Maces & Flails
 10093 | D:9      | Found a radiant altar of Vehumet.
 10817 | Lair:1   | Entered Level 1 of the Lair of Beasts
 10817 | Lair:1   | Noticed a black mamba
 10827 | Lair:1   | Killed a black mamba
 10827 | Lair:1   | Gained mutation: You are completely covered in slimy green scales (AC +4, rPois). [demonic ancestry]
 10827 | Lair:1   | Reached XP level 10. HP: 61/82 MP: 6/10
 10868 | Lair:1   | Yay, got my scales 3 rPois before xpl27!
 10948 | Lair:1   | Noticed a spiny frog
 10962 | Lair:1   | Killed a spiny frog
 11561 | Lair:1   | Noticed a black mamba
 11851 | D:9      | Received a gift from Okawaru
 11912 | Lair:1   | Reached skill level 5 in Dodging
 12183 | Lair:1   | Noticed a spiny frog
 12203 | Lair:1   | Killed a spiny frog
 12264 | Lair:1   | Killed a black mamba
 12804 | Lair:2   | Noticed Harold
 13052 | Lair:2   | Killed Harold
 13052 | Lair:2   | Reached skill level 9 in Maces & Flails
 13086 | Lair:2   | Gained mutation: Your flesh is heat resistant. [demonic ancestry]
 13086 | Lair:2   | Reached XP level 11. HP: 87/87 MP: 9/11
 13534 | Lair:2   | Noticed Gorice's ghost (powerful HEWn)
 13557 | Lair:2   | Killed Gorice's ghost
 14830 | Lair:3   | Reached skill level 10 in Maces & Flails
 14883 | Lair:3   | Acquired Okawaru's second power
 15092 | Lair:3   | Noticed an eight-headed hydra
 15137 | Lair:3   | Killed an eight-headed hydra
 15137 | Lair:3   | Received a gift from Okawaru
 15229 | Lair:3   | Found a frozen archway.
 15323 | IceCv    | Entered an ice cave
 15536 | IceCv    | Noticed an ice devil
 15564 | IceCv    | Killed an ice devil
 15564 | IceCv    | Reached skill level 1 in Invocations
 15904 | IceCv    | Noticed an ice statue
 15904 | IceCv    | Noticed an ice statue
 15919 | IceCv    | Noticed an ice devil
 15965 | IceCv    | HP: 2/87 [ice devil (9)]
 15972 | IceCv    | Slain by an ice devil

Action                   |  1- 3 |  4- 6 |  7- 9 | 10-12 || total
-------------------------+-------+-------+-------+-------++-------
Melee: Club              |    18 |       |       |       ||    18
       Unarmed           |     5 |       |       |       ||     5
       Whip              |   148 |    91 |       |       ||   239
       Quarterstaff      |       |     8 |       |       ||     8
       Flail             |       |    81 |   443 |   452 ||   976
 Fire: Blowgun           |     7 |    45 |    87 |     2 ||   141
       Hunting sling     |    21 |    23 |    45 |       ||    89
       Shortbow          |       |       |   107 |   138 ||   245
Throw: Stone             |     7 |       |     5 |     2 ||    14
       Throwing net      |       |       |       |     1 ||     1
Invok: Heroism           |       |       |     1 |     8 ||     9
 Abil: Spit Poison       |     7 |     4 |     6 |       ||    17
Evoke: Wand              |       |       |     5 |     9 ||    14
  Use: Scroll            |     8 |     5 |    11 |     6 ||    30
       Potion            |     1 |       |     1 |     7 ||     9
 Stab: Held in net/web   |       |       |       |     1 ||     1
  Eat: Chunk             |     3 |     7 |    20 |    14 ||    44
       Beef jerky        |       |     1 |     1 |       ||     2
       Bread ration      |       |       |       |     1 ||     1
       Pizza             |       |       |       |     1 ||     1
